 Dungeon Crawl Stone Soup version 0.27.1-3-gb3d3a73c9e (webtiles) character file.

Game seed: 1897213964958425673

533 aquasnake75 the Conjurer (level 7, -6/50 HPs)
             Began as a White Draconian Conjurer on Sept 16, 2021.
             Was a Believer of Qazlal.
             Mangled by an ogre (26 damage)
             ... on level 6 of the Dungeon on Oct 6, 2021.
             The game lasted 00:44:44 (2793 turns).

aquasnake75 the Conjurer (White Draconian Conjurer) Turns: 2793, Time: 00:44:45

Health: -6/50      AC:  6    Str:  9    XL:     7   Next: 4%
Magic:  1/12       EV: 12    Int: 21    God:    Qazlal [**....]
Gold:   135        SH:  2    Dex:  9    Spells: 6/13 levels left

rFire    . . .     SeeInvis .   f - +1 hand axe (distort)
rCold    + . .     Faith    .   (no shield)
rNeg     . . .     Spirit   .   (armour unavailable)
rPois    .         Reflect  .   (helmet restricted)
rElec    .         Harm     .   (no cloak)
rCorr    .         Rampage  .   (no gloves)
Will     .....                  (no boots)
Stlth    +.........             b - amulet of regeneration
HPRegen  1.16/turn              (no ring)
MPRegen  0.13/turn              (no ring)

@: no status effects
A: breathe frost, AC +6, unfitting armour, cold resistance 1, cold-blooded
a: Breathe Frost, Renounce Religion, Upheaval


You were on level 6 of the Dungeon.
You worshipped Qazlal.
Qazlal was pleased with you.
You visited 1 branch of the dungeon, and saw 5 of its levels.

You collected 135 gold pieces.

Inventory:

Hand Weapons
 c - a +0 dagger
 f - a +1 hand axe of distortion (weapon)
 h - a +0 dagger
Missiles
 e - 5 boomerangs
 g - 3 arrows
 l - 76 stones
Armour
 o - a +0 helmet
Magical Staves
 k - a staff of fire
Jewellery
 b - an amulet of regeneration (around neck)
Wands
 j - a wand of digging (5)
Scrolls
 n - a scroll of identify
Potions
 a - 2 potions of attraction
 i - a potion of magic {unknown}
 m - 2 potions of flight {unknown}
 p - a potion of haste {unknown}


   Skills:
 + Level 2.8 Axes
 * Level 4.4 Dodging
 - Level 2.0 Stealth
 - Level 0.1 Unarmed Combat
 + Level 3.5 Spellcasting
 + Level 5.5 Conjurations


You had 6 spell levels left.
You knew the following spells:

 Your Spells              Type           Power      Damage    Failure   Level
a - Magic Dart            Conj           100%       1d8       1%          1
b - Searing Ray           Conj           52%        3d5       1%          2
c - Corpse Rot            Necr/Air       N/A        N/A       19%         2
d - Poisonous Vapours     Pois/Air       6%         N/A       19%         2

Your spell library contained the following spells:

 Spells                   Type           Power      Damage    Failure   Level
 Dazzling Flash           Conj/Hex       30%        N/A       12%         3
 Pain                     Necr           12%        1d4       13%         1
 Fulminant Prism          Conj/Hex       7%         3d7       38%         4
 Iskenderun's Mystic Bla  Conj/Tloc      15%        2d5       38%         4
 Freezing Cloud           Conj/Ice/Air   5%         6-21      86%         5
 Agony                    Necr           3%         N/A       98%         5
 Blade Hands              Tmut           1%         N/A       98%         5
 Excruciating Wounds      Necr           1%         N/A       98%         5
 Iron Shot                Conj/Erth      7%         9d2       99%         6
 Animate Armour           Summ/Erth      Unusable   N/A       N/A         4

Dungeon Overview and Level Annotations

Branches:
Dungeon (4/15)
 Temple: D:4-7

Altars:
Fedhas
Qazlal
Ru

Shops:
D:2 (   D:3 *


Innate Abilities, Weirdness & Mutations

You can breathe waves of freezing cold which knock back foes.
Your icy white scales are hard. (AC +6)
You cannot fit into any form of body armour.
Your flesh is cold resistant. (rC+)
You are cold-blooded and may be slowed by cold attacks.


Message History

Press: ? - help, Shift-Dir - straight line, f/p - iguana
Aim: an iguana (almost dead, 100% to hit)
The magic dart hits the iguana but does no damage.
The iguana is almost dead.
The iguana barely misses you.
Casting: Magic Dart (safe; 1% risk of failure)
Confirm with . or Enter, or press ? or * to list all spells.
Aiming: Magic Dart (safe; 1% risk of failure)
Press: ? - help, Shift-Dir - straight line, f/p - iguana
Aim: an iguana (almost dead, 100% to hit)
The magic dart hits the iguana.
The iguana is almost dead.
The iguana bites you!
You are no longer corroded.
The iguana bites you!
Casting: Magic Dart (safe; 1% risk of failure)
Confirm with . or Enter, or press ? or * to list all spells.
Aiming: Magic Dart (safe; 1% risk of failure)
Press: ? - help, Shift-Dir - straight line, f/p - iguana
Aim: an iguana (almost dead, 100% to hit)
The magic dart hits the iguana but does no damage.
The iguana is almost dead.
The iguana bites you!
* * * LOW HITPOINT WARNING * * *
You hit the iguana.
The iguana is almost dead.
You block the iguana's attack.
You hit the iguana but do no damage.
Space warps horribly around the iguana!
You kill the iguana!
Qazlal accepts your kill.
You have reached level 7!
Your scales start taking on an icy white colour.
You learn Fire Magic much slower.
You learn Ice Magic much quicker.
You can breathe waves of freezing cold which knock back foes.
You feel resistant to cold.
You hit the ogre. You tail-slap the ogre.
The ogre is moderately wounded.
The ogre hits you with a +0 giant club!!
Ouch! That really hurt!
You die...

....♣♣.♣♣......#....#
♣..♣.♣..♣..#...##.#
...♣♣.....♣♣..##.##
.. #......_.†....##.#
#..♣♣.....♣♣..##.#
♣..♣.♣..♣..##.#
....♣♣.♣♣...###.#
#..........°####.#
#### ##.....@O...#
############


You could see an ogre.

Vanquished Creatures
  An ogre (D:6)
  A centaur (D:6)
  A scorpion (D:6)
  2 jellies (D:6)
  A bullfrog skeleton (D:4)
  Jessica (D:2)
  2 iguanas (D:6)
  A hound skeleton (D:4)
  4 adders
  A shadow imp (D:6)
  A worm (D:2)
  3 dart slugs
  9 orcs
  4 ball pythons (D:2)
  5 endoplasms
  4 giant cockroaches
  8 goblins
  3 hobgoblins
  3 jackals (D:2)
  4 quokkas
  7 bats
  2 frilled lizards
  2 kobolds
  8 rats
78 creatures vanquished.

Notes
Turn   | Place    | Note
-------+----------+-------------------------------------------
     0 | D:1      | aquasnake75 the Draconian Conjurer began the quest for the
                  | Orb.
     0 | D:1      | Reached XP level 1. HP: 14/14 MP: 3/3
   332 | D:1      | Reached XP level 2. HP: 20/20 MP: 0/5
   657 | D:1      | Learned a level 2 spell: Searing Ray
   661 | D:1      | Upgraded the game from 0.27.1-1-g398f81649c to
                  | 0.27.1-3-gb3d3a73c9e
   965 | D:2      | Reached XP level 3. HP: 26/26 MP: 1/6
   982 | D:2      | Found Iveudeud's Antique Weapon Shop.
  1247 | D:2      | Found a faded altar of an unknown god.
  1252 | D:2      | Became a worshipper of Qazlal Stormbringer
  1252 | D:2      | Reached * piety under Qazlal
  1342 | D:2      | Noticed Jessica
  1347 | D:2      | Killed Jessica
  1348 | D:2      | Reached skill level 1 in Axes
  1348 | D:2      | Reached XP level 4. HP: 33/33 MP: 3/7
  1818 | D:3      | Found Sipyl's Assorted Antiques.
  2396 | D:4      | Reached XP level 5. HP: 38/38 MP: 6/9
  2429 | D:4      | Reached skill level 5 in Conjurations
  2457 | D:4      | You fall into a shaft and drop 2 floors!
  2457 | D:6      | Noticed an ogre
  2469 | D:6      | Killed an ogre
  2469 | D:6      | Reached ** piety under Qazlal
  2470 | D:6      | Reached XP level 6. HP: 45/45 MP: 1/10
  2589 | D:6      | Learned a level 2 spell: Corpse Rot
  2592 | D:6      | Learned a level 2 spell: Poisonous Vapours
  2682 | D:6      | Found a blossoming altar of Fedhas.
  2743 | D:6      | Found a sacrificial altar of Ru.
  2793 | D:6      | Your scales start taking on an icy white colour.
  2793 | D:6      | Reached XP level 7. HP: 19/50 MP: 1/12
  2793 | D:6      | Gained mutation: Your flesh is cold resistant. (rC+) [White
                  | Draconian growth]
  2793 | D:6      | Mangled by an ogre

Illustrated notes

Levels and vault maps discovered:
D:1:      grunt_arrival_crossed_arrows, layout_basic,
          chequers_serial_rivers_micro_d
D:2:      minmay_wonky_spiral, layout_rooms, serial_shops, shop,
          chequers_ecumenical_altar_twisty, uniq_jessica
D:3:      layout_loops_ring, serial_shops, nicolae_shop_trees
D:4:      layout_loops_corners, yredelemnul_forgotten_temple_becter,
          minmay_ruptured, uniq_robin, uniq_eustachio
D:6:      layout_loops_ring, mainiacjoe_overflow_small_starburst,
          fedhas_ov_isle_minmay, minmay_manual_moon

Skill      XL: |  1  2  3  4  5  6 |
---------------+-------------------+-----
Dodging        | 2 3 4 |  4.4
Stealth        | 2 |  2.0
Axes           | 1 2 |  2.8
Conjurations   | 5 |  5.5
Spellcasting   | 3 |  3.5
Unarmed Combat | |  0.1

Action                   |  1- 3 |  4- 6 |  7- 9 || total
-------------------------+-------+-------+-------++-------
Melee: Unarmed           |    16 |       |       ||    16
       Hand axe          |    17 |    58 |     1 ||    76
       Tailslap          |     4 |     1 |     1 ||     6
 Cast: Magic Dart        |    41 |    50 |       ||    91
       Searing Ray       |     7 |     6 |       ||    13
       Poisonous Vapours |       |     2 |       ||     2
  Use: Scroll            |     2 |     6 |       ||     8
       Potion            |     4 |       |       ||     4
Armor: Skin              |    35 |    24 |       ||    59
Dodge: Dodged            |    43 |    50 |       ||    93
Block: Other             |       |     8 |       ||     8
